 Dungeon Crawl Stone Soup version 0.30-a0-29-g142975f185 (webtiles) character file.

Game seed: 13676783221123803636

118 Setbun the Magician (level 5, 5/35 HPs)
             Began as a Djinni Hedge Wizard on Aug 27, 2022.
             Quit the game on level 3 of the Dungeon.
             The game lasted 00:03:00 (3212 turns).

Setbun the Magician (Djinni Hedge Wizard)           Turns: 3212, Time: 00:03:00

Health: 5/35       AC:  2    Str:  9    XL:     5   Next: 23%
Gold:   1071       EV: 12    Int: 17    God:
                   SH:  0    Dex: 13

rFire   + + .      SeeInvis .    a - +1 dagger
rCold   x . .      Faith    .    (no shield)
rNeg    . . .      Spirit   .    b - +0 robe
rPois   ∞          Reflect  .    c - +0 hat
rElec   .          Harm     .    (no cloak)
rCorr   .          Rampage  .    (no gloves)
Will    +....                    (boots unavailable)
Stlth   ++........               (no amulet)
HPRegen 0.11/turn                d - ring of willpower
MPRegen 0.00/turn                (no ring)

@: flying
A: sickness immunity, fire resistance 2, cold vulnerability 1, float, innate
caster, HP casting, extra vitality 1
a: no special abilities


You were on level 3 of the Dungeon.
You visited 1 branch of the dungeon, and saw 3 of its levels.

You collected 1071 gold pieces.

Inventory:

Hand Weapons
 a - a +1 dagger (weapon)
Armour
 b - a +0 robe (worn)
 c - a +0 hat (worn)
Jewellery
 d - a ring of willpower (left hand)
 r - a ring of fire
Wands
 j - a wand of charming (7)
Scrolls
 e - a scroll of poison
 i - 2 scrolls of identify
 l - 2 scrolls of blinking {unknown}
 m - a scroll of teleportation {unknown}
 s - a scroll of noise {unknown}
Potions
 f - a potion of flight {unknown}
 g - a potion of mutation
 h - 2 potions of curing {unknown}
 k - a potion of haste {unknown}
 n - a potion of invisibility {unknown}
 o - 2 potions of heal wounds {unknown}
 p - 2 potions of lignification {unknown}
 q - a potion of might {unknown}


   Skills:
 - Level 2.3 Dodging
 - Level 1.7 Stealth
 * Level 4.2 Spellcasting


You couldn't memorise any spells.
You knew the following spells:

 Your Spells              Type           Power      Damage    Failure   Level
a - Magic Dart            Conj           68%        1d6       2%          1
b - Blink                 Tloc           34%        N/A       4%          2
c - Call Imp              Summ           17%        N/A       4%          2
d - Slow                  Hex            68%        N/A       2%          1
e - Conjure Flame         Conj/Fire      17%        6-21      9%          3
f - Mephitic Cloud        Conj/Pois/Air  17%        N/A       9%          3
g - Apportation           Tloc           34%        N/A       2%          1
h - Wereblood             Tmut           17%        N/A       4%          2
Your spell library was empty.

Dungeon Overview and Level Annotations

Branches:
Dungeon (3/15)

Altars:
Zin


Innate Abilities, Weirdness & Mutations

You are immune to sickness and miasma.
You are immune to poison.
Your flesh is very heat resistant. (rF++)
You are vulnerable to cold. (rC-)
You float through the air rather than walking.
You learn spells naturally, not from books.
Your magical power is your life essence.
You have superior vitality. (+4 MHP)


Message History

The adder closely misses you.
Aiming: Magic Dart (safe; 2% risk of failure)
Press: ? - help, Q - select action, (/) - cycle Shift-Dir - straight line, f/p - adder
Aim: an adder (heavily wounded, 100% to hit)
The magic dart hits the adder.
The adder is almost dead.
* * * LOW HITPOINT WARNING * * *
The adder barely misses you.
Aiming: Magic Dart (safe; 2% risk of failure)
Press: ? - help, Q - select action, (/) - cycle Shift-Dir - straight line, f/p - adder
Aim: an adder (almost dead, 100% to hit)
The magic dart hits the adder.
You kill the adder!
* * * LOW HITPOINT WARNING * * *
Aiming: Magic Dart (safe; 2% risk of failure)
Press: ? - help, Q - select action, (/) - cycle Shift-Dir - straight line, f - giant cockroach
Aim: a giant cockroach (100% to hit)
The magic dart hits the giant cockroach.
The giant cockroach is heavily wounded.
* * * LOW HITPOINT WARNING * * *
The giant cockroach closely misses you.
Aiming: Magic Dart (safe; 2% risk of failure)
Press: ? - help, Q - select action, (/) - cycle Shift-Dir - straight line, f/p - giant cockroach
Aim: a giant cockroach (heavily wounded, 100% to hit)
The magic dart hits the giant cockroach.
You kill the giant cockroach!
* * * LOW HITPOINT WARNING * * *
There is an open door here.
You see here a giant cockroach corpse.
There is a collapsed entrance here.
You can't go down here!
You can't go down here!
You can't go down here!
You can't go up here!
You can't go down here!
There is a collapsed entrance here.
Okay, then.
Are you sure you want to abandon this character and quit the game? (Confirm with "yes".)
Okay, then.
Are you sure you want to abandon this character and quit the game? (Confirm with "yes".)

#....#...'..?..# #....#...
#.#....###.....# ####.#.#'
#.#....# #.....# #####.#.#.
#.#....# #.....# #<....#.##
#.#....###.....###########...
#.#....#..........# ####
#.#....#.#######..###########
#.#......#~~~~~#...........##
#.#.....††~~@~~#...........##
#.#......#~~~~~#...........##
#.#......#######.##........##
#............................
#############..##....#####...
##.......##......
####....##......
#....##...... #....##....).


There were no monsters in sight!

Vanquished Creatures
  6 adders
  2 worms
  A dart slug (D:1)
  3 endoplasms
  6 giant cockroaches
  4 goblins
  2 hobgoblins
  5 quokkas
  6 ball pythons
  10 bats
  6 frilled lizards
  3 kobolds
  5 rats
59 creatures vanquished.

Notes
Turn   | Place    | Note
-------+----------+-------------------------------------------
     0 | D:1      | Setbun the Djinni Hedge Wizard began the quest for the Orb.
     0 | D:1      | Setbun set off with the following spells memorised: Magic
                  | Dart, Blink, Call Imp, Slow, Conjure Flame, Mephitic Cloud.
     0 | D:1      | Reached XP level 1. HP: 15/15 MP: 0/0
   447 | D:1      | Reached XP level 2. HP: 18/21 MP: 0/0
   887 | D:1      | Reached skill level 3 in Spellcasting
   939 | D:1      | Reached XP level 3. HP: 19/25 MP: 0/0
   939 | D:1      | Learned a level 1 spell: Apportation
  1464 | D:2      | Found a faded altar of an unknown god.
  1495 | D:2      | Reached XP level 4. HP: 25/31 MP: 0/0
  1687 | D:2      | Identified the +13 chain mail of Kubriung {Dex+4}
  2409 | D:3      | Identified a scroll of acquirement
  2409 | D:3      | Acquired 955 gold pieces
  2484 | D:3      | Found a glowing silver altar of Zin.
  3193 | D:3      | Reached skill level 4 in Spellcasting
  3197 | D:3      | Reached XP level 5. HP: 21/35 MP: 0/0
  3197 | D:3      | Learned a level 2 spell: Wereblood
  3212 | D:3      | Quit the game

Illustrated notes

Levels and vault maps discovered:
D:1:      dpeg_arrival_rhombi, layout_rooms
D:2:      layout_basic, hellmonk_ecumenical_altar_zigzags
D:3:      layout_basic, zin_academy, nicolae_yredelemnul_ghost_church,
          gup_sewer_entry_glass

Skill      XL: |  1  2  3  4 |
---------------+-------------+-----
Spellcasting   | 3 4 |  4.2
Dodging        | |  2.3
Stealth        | |  1.7

Action                   |  1- 3 |  4- 6 || total
-------------------------+-------+-------++-------
 Cast: Magic Dart        |    74 |    73 ||   147
  Use: Scroll            |       |     5 ||     5
Armor: Robe              |     2 |     1 ||     3
Dodge: Dodged            |     9 |    18 ||    27

Table legend: (Time is in decaauts)
 A = Elapsed time spent in this place.
 B = Non-inter-level travel time spent in this place.
 C = Inter-level travel time spent in this place.
 D = Time resting spent in this place.
 E = Time spent auto-exploring this place.
 F = Levels seen in this place.
 G = Mean time per level.
                   A        B        C        D        E       F      G
               +--------+--------+--------+--------+--------+-----+--------+
         Total |   3211 |   3146 |     65 |    298 |   2579 |   3 | 1070.3 |
       Dungeon |   3211 |   3146 |     65 |    298 |   2579 |   3 | 1070.3 |
               +--------+--------+--------+--------+--------+-----+--------+

Top non-repeatable levels by time:
     D:1: 1273 daAuts
     D:2: 1128 daAuts
     D:3: 808 daAuts
